 Dungeon Crawl Stone Soup version 0.29.0-4-gdea44cf6ec (webtiles) character file.

Game seed: 4529734279114607281

277 qw the Chopper (level 6, -3/43 (48) HPs)
             Began as a Barachi Chaos Knight on Sept 5, 2022.
             Slain by a chaos spawn (18 damage)
             ... summoned by Xom
             ... on level 2 of the Dungeon.
             The game lasted 00:01:05 (2620 turns).

qw the Chopper (Barachi Chaos Knight)               Turns: 2620, Time: 00:01:06

HP:   -3/43 (48)    AC:  1    Str: 16    XL:     6   Next: 25%
MP:   6/6           EV: 10    Int: 12    God:
Gold: 93            SH:  4    Dex: 11    Spells: 5/5 levels left

rFire   . . .      SeeInvis .   Y - +1 hand axe (chaos)
rCold   . . .      Faith    .   q - +0 buckler
rNeg    . . .      Spirit   .   e - +0 ring mail
rPois   .          Reflect  .   (no helmet)
rElec   .          Harm     .   (no cloak)
rCorr   .          Rampage  .   (no gloves)
Will    .....                   (no boots)
Stlth   +.........              (no amulet)
HPRegen 0.14/turn               (no ring)
MPRegen 0.10/turn               (no ring)

@: corroded, heavily drained, slow
A: amphibious, slowness 1, strong legs 1, +LOS
a: Hop


You were on level 2 of the Dungeon.
You visited 1 branch of the dungeon, and saw 2 of its levels.

You collected 93 gold pieces.


Innate Abilities, Weirdness & Mutations

You are amphibious.
You cover ground slowly.
You can hop short distances.
You have an extended range of vision and can be seen from far away.


   Skills:
 + Level 3.9 Fighting
 - Level 6.8 Axes
 - Level 2.4 Armour
 - Level 1.1 Dodging
 - Level 2.2 Shields


You had 5 spell levels left.
You didn't know any spells.
Your spell library was empty.

Inventory:

Hand Weapons
 g - a +0 flail
 Y - a +1 hand axe of chaos (weapon)
Missiles
 o - 8 boomerangs (quivered)
Armour
 b - a +0 helmet
 e - a +0 ring mail (worn)
 q - a +0 buckler (worn)
Scrolls
 a - a scroll of enchant armour
Potions
 f - a potion of haste
 i - a potion of flight {unknown}
 k - a potion of degeneration {unknown}
 p - a potion of lignification {unknown}
Miscellaneous
 c - a piece from Xom's chessboard (15/15)

Dungeon Overview and Level Annotations

Branches:
Dungeon (2/15)

Altars:


Message History

The iron imp is lightly wounded.
You hit the crimson imp but do no damage.
You hit the rust devil.
The rust devil resists with almost no effort.
You hit the crimson imp. The iron imp hits you. The crimson imp hits you.
You hit the crimson imp. You freeze the crimson imp.
The crimson imp is heavily wounded.
You hit the chaos spawn but do no damage.
You closely miss the rust devil. You barely miss the iron imp.
An iron imp opens the door.
You block the crimson imp's attack.
The crimson imp blinks!
The rust devil closely misses you.
You barely miss the crimson imp.
The crimson imp is heavily wounded.
You hit the chaos spawn but do no damage.
You hit the rust devil but do no damage.
You barely miss the iron imp. The iron imp misses you.
You block the crimson imp's attack.
The chaos spawn hits you but does no damage.
The rust devil barely misses you.
You hit the crimson imp.
The crimson imp is severely wounded.
You hit the iron imp. You miss the chaos spawn. You barely miss the rust devil.
The crimson imp blinks! x2; The rust devil closely misses you.
The iron imp hits you but does no damage.
The chaos spawn gores you! The chaos spawn shocks you!
The crimson imp blinks!
You closely miss the crimson imp.
The crimson imp is heavily wounded.
You hit the chaos spawn but do no damage.
The chaos spawn is poisoned.
You barely miss the rust devil. You hit the iron imp but do no damage.
You block the rust devil's attack. The crimson imp closely misses you.
The chaos spawn hits you but does no damage.
You miss the crimson imp.
The crimson imp is heavily wounded.
You hit the chaos spawn but do no damage.
You hit the rust devil but do no damage.
You hit the iron imp but do no damage.
The iron imp is moving more slowly.
The rust devil hits you! The rust devil corrodes you!
The chaos spawn hits you!!
You die...

##..P.P..#..#
###.P.P..P#..#
##.#...P...#...
######)#.....P...#.#
###.)).).#P..P.....#.#
##...######..P.....P###
#..##### #...P...P.#
#.##.4.########_#######
#>.'54@5..# .P... #..
#.##555#### ..P..P #..
#.##..5# ....#..
#.###### P..#.( #..
#... ### ####


You could see a rust devil (summoned), a chaos spawn (summoned, very poisoned),
2 iron imps, 3 crimson imps and a white imp (summoned).

Vanquished Creatures
  Sigmund (D:2)
  A hound (D:2)
  Robin (D:2)
  An adder (D:2)
  4 worms (D:2)
  A ball python (D:1)
  3 endoplasms
  2 giant cockroaches
  9 goblins
  8 hobgoblins
  6 kobolds
  4 quokkas
  2 bats (D:1)
  A frilled lizard (D:1)
  9 rats
53 creatures vanquished.

Vanquished Creatures (others)
  5 fungi (D:2)
  3 plants (D:2)
  2 withered plants (D:2)
10 creatures vanquished.

Grand Total: 63 creatures vanquished

Notes
Turn   | Place    | Note
-------+----------+-------------------------------------------
     0 | D:1      | qw the Barachi Chaos Knight began the quest for the Orb.
     0 | D:1      | Reached XP level 1. HP: 18/18 MP: 1/1
     0 | D:1      | 0 ||| qw: Version: 0.1-a-104-g96f76f8
     0 | D:1      | 0 ||| qw: Game counter: 5902
     0 | D:1      | 0 ||| qw: Always use a shield: true
     0 | D:1      | 0 ||| qw: God list: Okawaru
     0 | D:1      | 0 ||| qw: Allow faded altars: false
     0 | D:1      | 0 ||| qw: Do Orc after D:15 true
     0 | D:1      | 0 ||| qw: Do second Lair branch before Depths: true
     0 | D:1      | 0 ||| qw: Lair rune preference: random
     0 | D:1      | 0 ||| qw: Plans: Normal
     0 | D:1      | 0 ||| PLANNING D:1-11
     0 | D:1      | Fell from the grace of Xom
   313 | D:1      | Reached XP level 2. HP: 24/24 MP: 2/2
   452 | D:1      | Reached skill level 4 in Axes
   457 | D:1      | 457 ||| Stepping ~*~*~tactically~*~*~ (stealth).
   458 | D:1      | 458 ||| Stepping ~*~*~tactically~*~*~ (stealth).
   459 | D:1      | 459 ||| Stepping ~*~*~tactically~*~*~ (stealth).
   462 | D:1      | 462 ||| Stepping ~*~*~tactically~*~*~ (stealth).
   466 | D:1      | 466 ||| Stepping ~*~*~tactically~*~*~ (stealth).
   467 | D:1      | 467 ||| Stepping ~*~*~tactically~*~*~ (stealth).
   468 | D:1      | 468 ||| Stepping ~*~*~tactically~*~*~ (stealth).
   469 | D:1      | 469 ||| Stepping ~*~*~tactically~*~*~ (stealth).
   494 | D:1      | 494 ||| Stepping ~*~*~tactically~*~*~ (stealth).
   495 | D:1      | 495 ||| Stepping ~*~*~tactically~*~*~ (stealth).
   496 | D:1      | 496 ||| Stepping ~*~*~tactically~*~*~ (stealth).
   511 | D:1      | 511 ||| Stepping ~*~*~tactically~*~*~ (stealth).
   673 | D:1      | 673 ||| Stepping ~*~*~tactically~*~*~ (stealth).
   675 | D:1      | 675 ||| Stepping ~*~*~tactically~*~*~ (stealth).
   676 | D:1      | 676 ||| Stepping ~*~*~tactically~*~*~ (stealth).
  1038 | D:1      | Reached XP level 3. HP: 29/29 MP: 3/3
  1261 | D:1      | 1261 ||| UPGRADING to +0 ring mail.
  1271 | D:1      | 1271 ||| DROPPING +2 leather armour.
  1272 | D:1      | 1272 ||| UPGRADING to +0 buckler.
  1277 | D:1      | 1277 ||| READING scroll labelled SOYTOTH MERUD.
  1278 | D:1      | 1278 ||| READING scroll labelled CALIRI JORYUTHRU.
  1279 | D:1      | 1279 ||| READING scroll labelled SUQEGOUSTRI.
  1280 | D:1      | 1280 ||| READING scroll labelled RARACL HOUTAFU.
  1281 | D:1      | 1281 ||| READING scroll labelled BUAS BOYPS.
  1285 | D:1      | 1285 ||| DRINKING 2 golden potions.
  1286 | D:1      | 1286 ||| DRINKING 2 murky puce potions.
  1287 | D:1      | 1287 ||| DROPPING potion of attraction.
  1324 | D:2      | 1324 ||| STAIRDANCE
  1346 | D:2      | Reached skill level 1 in Shields
  1346 | D:2      | 1346 ||| STAIRDANCE
  1436 | D:2      | 1436 ||| Stepping ~*~*~tactically~*~*~ (stealth).
  1442 | D:2      | 1442 ||| Stepping ~*~*~tactically~*~*~ (stealth).
  1443 | D:2      | 1443 ||| DROPPING +0 club.
  1448 | D:2      | 1448 ||| Stepping ~*~*~tactically~*~*~ (stealth).
  1449 | D:2      | 1449 ||| Stepping ~*~*~tactically~*~*~ (stealth).
  1492 | D:2      | 1492 ||| Stepping ~*~*~tactically~*~*~ (stealth).
  1592 | D:2      | XOM: torment (16/29 hp)
  1851 | D:2      | Noticed Sigmund
  1853 | D:2      | 1853 ||| FLEEEEING.
  1854 | D:2      | 1854 ||| FLEEEEING.
  1855 | D:2      | 1855 ||| FLEEEEING.
  1863 | D:2      | 1863 ||| FLEEEEING.
  1864 | D:2      | 1864 ||| FLEEEEING.
  1865 | D:2      | 1865 ||| FLEEEEING.
  1866 | D:2      | 1866 ||| FLEEEEING.
  1868 | D:2      | 1868 ||| FLEEEEING.
  1869 | D:2      | 1869 ||| FLEEEEING.
  1870 | D:2      | 1870 ||| FLEEEEING.
  1879 | D:2      | 1879 ||| FLEEEEING.
  1880 | D:2      | 1880 ||| FLEEEEING.
  1883 | D:2      | 1883 ||| FLEEEEING.
  1883 | D:2      | HP: 7/29 [something/magic dart (2)]
  1884 | D:2      | 1884 ||| FLEEEEING.
  1885 | D:2      | 1885 ||| FLEEEEING.
  1886 | D:2      | 1886 ||| FLEEEEING.
  1887 | D:2      | 1887 ||| FLEEEEING.
  1890 | D:2      | 1890 ||| STAIRDANCE
  2119 | D:1      | 2119 ||| DROPPING +0 mace.
  2120 | D:1      | 2120 ||| READING scroll labelled QEBUHU HOCOGU.
  2121 | D:1      | 2121 ||| READING scroll labelled EPPYZO LEORUI.
  2131 | D:2      | Killed Sigmund
  2132 | D:2      | Reached skill level 6 in Axes
  2132 | D:2      | Reached XP level 4. HP: 28/36 MP: 4/4
  2132 | D:2      | Reached XP level 5. HP: 32/41 MP: 5/5
  2248 | D:2      | Reached XP level 6. HP: 32/47 MP: 6/6
  2346 | D:2      | XOM: draining
  2347 | D:2      | Found a faded altar of an unknown god.
  2388 | D:2      | 2388 ||| Stepping ~*~*~tactically~*~*~ (stealth).
  2409 | D:2      | XOM: torment (22/42 hp)
  2569 | D:2      | 2569 ||| Stepping ~*~*~tactically~*~*~ (stealth).
  2584 | D:2      | Noticed Robin
  2595 | D:2      | Killed Robin
  2612 | D:2      | XOM: summons 8 hostile demons
  2613 | D:2      | Noticed a rust devil
  2613 | D:2      | Noticed a chaos spawn
  2620 | D:2      | Slain by a chaos spawn

Levels and vault maps discovered:
D:1:      sevenhm_arrival_forest_fort_large_2, layout_basic, minmay_misc_feat_x
D:2:      layout_basic, shapermc_ecumenical_altar_gd,
          nicolae_concentric_dashed_squares_mild, uniq_sigmund, uniq_robin

Skill      XL: |  1  2  3  4  5  6 |
---------------+-------------------+-----
Axes           | 4 6 |  6.8
Shields        | 1 2 |  2.2
Fighting       | |  3.9
Armour         | |  2.4
Dodging        | |  1.1

Action                   |  1- 3 |  4- 6 || total
-------------------------+-------+-------++-------
Melee: Hand axe          |   103 |    41 ||   144
Throw: Boomerang         |    28 |    11 ||    39
Invok: Renounce Religion |     1 |       ||     1
  Use: Scroll            |     7 |       ||     7
       Potion            |     2 |       ||     2
 Stab: Paralysed         |     2 |       ||     2
Armor: Leather armour    |    14 |       ||    14
       Ring mail         |    12 |     9 ||    21
Dodge: Dodged            |    47 |     8 ||    55
Block: Buckler           |     6 |    10 ||    16

Table legend:
 A = Non-vault XP
 B = Vault XP
 C = Vault XP percentage of total XP
 D = Non-vault monster count
 E = Vault monster count
 F = Vault count percentage of total count
                 A         B        C        D         E       F
            +---------+---------+-------+---------+---------+-------
      Total |     133 |     263 |  66.4 |      42 |      11 |  20.8
            +---------+---------+-------+---------+---------+-------
        D:1 |      37 |       0 |   0.0 |      23 |       0 |   0.0
        D:2 |      96 |     263 |  73.3 |      19 |      11 |  36.7
            +---------+---------+-------+---------+---------+-------
